 Dungeon Crawl Stone Soup version 0.30.1-4-g462c640d31 (webtiles) character file.

Game seed: 2047457879214646387

77 rvierbuc the Insei (level 4, -3/32 HPs)
             Began as a Demonspawn Transmuter on Aug 21, 2023.
             Slain by Grinder (9 damage)
             ... on level 3 of the Dungeon.
             The game lasted 00:05:30 (1637 turns).

rvierbuc the Insei (Demonspawn Transmuter)          Turns: 1637, Time: 00:05:31

Health: -3/32      AC:  4    Str: 12    XL:     4   Next: 14%
Magic:  4/7        EV: 12    Int: 15    God:
Gold:   97         SH:  0    Dex: 13    Spells: 4/7 levels left

rFire   . .          .
                       - Unarmed
rCold   . . .        (no shield)
rNeg    . . .        a - +0 robe
rPois   .            (helmet currently unavailable)
rElec   .            (no cloak)
rCorr   .            (no gloves)
SInv    .            (boots currently unavailable)
Will    .....        (no amulet)
Stlth   ++           (no ring)
HPRegen 0.25/turn    (no ring)
MPRegen 0.10/turn

%: no passive effects
@: appendages (expiring), wereblooded
A: horns 2, talons 2, icy blue scales 1, weakness stinger 1
a: End Transformation


You were on level 3 of the Dungeon.
You had temporarily grown beastly horns and talons.
You visited 1 branch of the dungeon, and saw 3 of its levels.

You collected 97 gold pieces.

Inventory:

Missiles
 w - 3 poisoned darts
Armour
 a - a +0 robe (worn)
 g - a +0 kite shield
 k - a +0 plate armour
 m - a +0 pair of gloves
Jewellery
 o - a ring of fire
Wands
 x - a wand of mindburst (11)
Scrolls
 d - a scroll of magic mapping {unknown}
 e - 2 scrolls of teleportation {unknown}
 l - a scroll of torment {unknown}
 n - 2 scrolls of identify {unknown}
 p - a scroll of silence {unknown}
 q - a scroll of fear {unknown}
 r - a scroll of noise {unknown}
 s - a scroll of amnesia {unknown}
 u - a scroll of brand weapon {unknown}
Potions
 b - a potion of lignification
 c - 2 potions of curing {unknown}
 f - 2 potions of cancellation {unknown}
 h - a potion of attraction {unknown}
 i - 2 potions of heal wounds {unknown}
 j - a potion of invisibility {unknown}
 t - a potion of mutation {unknown}
 v - 3 potions of magic {unknown}


   Skills:
 + Level 1.0 Fighting
 + Level 2.2 Dodging
 + Level 0.8 Stealth
 + Level 3.6 Unarmed Combat
 + Level 2.4 Spellcasting
 + Level 2.1 Transmutations


You had 4 spell levels left.
You knew the following spells:

 Your Spells              Type           Power      Damage    Failure   Level
a - Beastly Appendage     Tmut           16%        N/A       9%          1
b - Wereblood             Tmut           8%         N/A       13%         2

Your spell library contained the following spells:

 Spells                   Type           Power      Damage    Failure   Level
 Spider Form              Tmut/Pois      5%         N/A       38%         3
 Dazzling Flash           Conj/Hex       2%         N/A       54%         3
 Ice Form                 Ice/Tmut       5%         N/A       80%         4
 Agony                    Necr           1%         N/A       99%         5
 Silence                  Hex/Air        0%         N/A       99%         5


Dungeon Overview and Level Annotations

Branches:
Dungeon (3/15)

Altars:

Annotations:
D:3 Grinder


Innate Abilities, Weirdness & Mutations

You have temporarily grown beastly horns and talons.
You are partially covered in icy blue scales. (AC +2)
You have a small tail.


Message History

a +0 dagger; 2 stones Your transformation is almost over.
Your horns disappear.
Your talons disappear.
x - a wand of mindburst (11)
You now have 97 gold pieces (gained 11).
Grinder comes into view.
Grinder shouts!
Grinder is nearby!
An endoplasm comes into view.
Grinder says, "There's only one good use for a tongue: cutting it out."
Casting: Beastly Appendage (safe; 9% risk of failure)
Confirm with . or Enter, or press ? or * to list all spells.
You grow a pair of large bovine horns.
Your feet morph into talons.
Grinder hits you.
You writhe in agony.
Casting: Beastly Appendage (safe; 9% risk of failure)
Confirm with . or Enter, or press ? or * to list all spells.
Your blood is infused with primal strength.
Grinder gestures at you. Pain shoots through your body!
You hit Grinder but do no damage. You claw Grinder.
You tail-slap Grinder, but do no damage.
Your punch misses Grinder.
Grinder is lightly wounded.
Grinder hits you but does no damage.
You barely miss Grinder.
Grinder is lightly wounded.
Grinder hits you.
You writhe in agony.
* * * LOW HITPOINT WARNING * * *
You hit Grinder. You claw Grinder.
Grinder is moderately wounded.
The endoplasm closely misses you. Grinder hits you but does no damage.
You hit Grinder. You claw Grinder. You headbutt Grinder.
Your punch misses Grinder.
Grinder is heavily wounded.
The endoplasm barely misses you. Grinder barely misses you.
You hit Grinder. You headbutt Grinder, but do no damage.
Grinder is heavily wounded.
The endoplasm hits you but does no damage.
Grinder hits you!
You die...

####### ##.....# #.#
#..###.# #.# #
########.##...# #.# .
##.........#.### #.#####
........##.#.# #......
.#.#.#..##.#.# #.^....
......J@##.#.#####......
.#.#.#5..#.#.#..........
........##.#.#####......
.#.#.#..##.#.# #.##.#.
........##.#.# #.##...
.#.#.#.###.#.#####>####.
....... #.#.......# #.
....### #...##########.
##.)#######....


You could see Grinder and an endoplasm.

Vanquished Creatures
  Jessica (D:2)
  An adder (D:2)
  2 dart slugs (D:2)
  2 ball pythons
  2 bats
  4 endoplasms
  A giant cockroach (D:2)
  2 goblins (D:2)
  10 hobgoblins
  5 kobolds
  A quokka (D:1)
  3 rats
34 creatures vanquished.

Notes
Turn   | Place    | Note
-------+----------+-------------------------------------------
     0 | D:1      | rvierbuc the Demonspawn Transmuter began the quest for the
                  | Orb.
     0 | D:1      | Reached XP level 1. HP: 15/15 MP: 3/3
   290 | D:1      | Reached skill level 3 in Unarmed Combat
   433 | D:1      | Gained mutation: You are partially covered in icy blue
                  | scales. (AC +2) [demonic ancestry]
   433 | D:1      | Reached XP level 2. HP: 21/21 MP: 3/5
   498 | D:1      | Learned a level 2 spell: Wereblood
   874 | D:2      | Noticed Jessica
   882 | D:2      | Killed Jessica
   883 | D:2      | Reached XP level 3. HP: 7/26 MP: 2/6
  1289 | D:2      | Gained mutation: You have a small tail. [demonic ancestry]
  1289 | D:2      | Reached XP level 4. HP: 27/32 MP: 5/7
  1525 | D:3      | Identified the +0 leather armour "Xaggia Osmi" {rElec}
  1627 | D:3      | Noticed Grinder
  1637 | D:3      | Slain by Grinder

Illustrated notes

Levels and vault maps discovered:
D:1:      dpeg_chamrin_arrival_tetris, layout_basic,
          nicolae_concentric_dashed_squares_wild
D:2:      layout_rooms, uniq_jessica
D:3:      layout_loops_ring, serial_co_window_serial, co_window_paths_b,
          co_window_paths_a, co_window_of_opportunity_a, co_window_paths_a,
          co_window_paths_a, co_window_corner_b, co_window_cross_4,
          co_window_broadway_b, co_window_unsneaky_path_b,
          co_window_of_opportunity_b, co_window_corner_b, co_window_paths_e,
          glass_columns_c, glass_columns_a, glass_columns_c, glass_columns_a,
          glass_columns_b, minmay_misc_feat_more_columns, uniq_grinder

Skill      XL: |  1  2  3 |
---------------+----------+-----
Unarmed Combat | 3 |  3.6
Dodging        | 2 |  2.2
Transmutations | 2 |  2.1
Fighting       | |  1.0
Stealth        | |  0.8
Spellcasting   | |  2.4

Action                     |  1- 3 |  4- 6 || total
---------------------------+-------+-------++-------
  Melee: Unarmed           |    91 |    22 ||   113
         Kick              |    10 |     6 ||    16
         Headbutt          |    10 |     3 ||    13
         Punch             |     2 |       ||     2
         Tailslap          |       |     3 ||     3
   Cast: Beastly Appendage |    13 |     4 ||    17
         Wereblood         |     2 |     1 ||     3
   Stab: Sleeping          |     3 |     1 ||     4
 Armour: Robe              |    24 |     6 ||    30
  Dodge: Dodged            |    62 |     9 ||    71
